 Dungeon Crawl Stone Soup version 0.31-a0-851-g7ff8af7976 (webtiles) character file.

Game seed: 11480680522343774310

2769 NokRude the Grappler (level 9, -1/68 HPs)
             Began as a Gnoll Shapeshifter on Oct 7, 2023.
             Was an Initiate of Gozag.
             Slain by a hornet simulacrum (16 damage)
             ... on level 7 of the Dungeon.
             The game lasted 00:13:46 (5480 turns).

NokRude the Grappler (Gnoll Shapeshifter)           Turns: 5480, Time: 00:13:47

Health: -1/68      AC:  8    Str: 14 (16) XL:     9   Next: 69%
Magic:  15/15      EV: 17    Int: 12      God:    Gozag
Gold:   665        SH:  0    Dex:  9 (11) Spells: 14/17 levels left

rFire   . .          .
                       - Unarmed
rCold   . . .        (shield currently unavailable)
rNeg    . . .        l - +0 ring mail
rPois   .            (no helmet)
rElec   .            j - +0 cloak
rCorr   .            (no gloves)
SInv    .            y - +0 pair of boots
Will    .....        n - amulet of regeneration
Stlth   +            i - +4 ring of slaying
HPRegen 1.11/turn    s - +5 ring of evasion
MPRegen 0.14/turn

%: no passive effects
@: flux-form, gold aura, glowing
A: glow, contaminating, fangs 1, strong nose, distributed training
a: Begin Untransformation, Renounce Religion, Potion Petition, Call Merchant,
Bribe Branch


You were on level 7 of the Dungeon.
You worshipped Gozag.
Gozag was pleased with you.
You were something dangerously unstable.
You visited 2 branches of the dungeon, and saw 9 of its levels.

You collected 750 gold pieces.
You paid 85 gold pieces to Gozag.

Inventory:

Missiles
 o - a throwing net
Armour
 a - a +0 animal skin
 j - a +0 cloak (worn)
 l - a +0 ring mail (worn)
 y - a +0 pair of boots (worn)
Jewellery
 i - a +4 ring of slaying (left hand)
 n - an amulet of regeneration (around neck)
 r - a ring of fire
 s - a +5 ring of evasion (right hand)
 u - an amulet of guardian spirit
 A - a ring of ice
 C - a ring of protection from cold
Talismans
 c - a beast talisman
 d - a flux talisman (active)
 w - a blade talisman
Wands
 h - a wand of flame (40)
 D - a wand of iceblast (8)
Scrolls
 e - a scroll of blinking {unknown}
 f - 2 scrolls of teleportation {unknown}
 g - 5 scrolls of identify {unknown}
 k - a scroll of noise {unknown}
 m - 3 scrolls of amnesia {unknown}
 p - 2 scrolls of fog {unknown}
 q - a scroll of acquirement {unknown}
 B - a scroll of brand weapon {unknown}
Potions
 b - 2 potions of lignification
 t - a potion of mutation {unknown}
 v - a potion of brilliance {unknown}
 x - a potion of invisibility {unknown}
 z - 2 potions of enlightenment {unknown}


   Skills:
 + Level 5.3 Fighting
 + Level 4.5 Short Blades
 + Level 4.5 Long Blades
 + Level 4.5 Axes
 + Level 4.5 Maces & Flails
 + Level 4.5 Polearms
 + Level 4.5 Staves
 + Level 4.5 Ranged Weapons
 + Level 4.5 Throwing
 + Level 4.5 Armour
 + Level 6.5 Dodging
 + Level 4.5 Stealth
 + Level 4.5 Shields
 + Level 8.1 Unarmed Combat
 + Level 4.5 Spellcasting
 + Level 3.8 Conjurations
 + Level 3.8 Hexes
 + Level 3.8 Summonings
 + Level 3.8 Necromancy
 + Level 3.8 Translocations
 + Level 3.8 Transmutations
 + Level 3.8 Fire Magic
 + Level 3.8 Ice Magic
 + Level 3.8 Air Magic
 + Level 3.8 Earth Magic
 + Level 3.8 Poison Magic
 + Level 5.0 Invocations
 + Level 4.5 Evocations
 + Level 7.8 Shapeshifting


You had 14 spell levels left.
You knew the following spells:

 Your Spells              Type           Power      Damage    Failure   Level
a - Mephitic Cloud        Conj/Pois/Air  11%        N/A       26%         3

Your spell library contained the following spells:

 Spells                   Type           Power      Damage    Failure   Level
 Magic Dart               Conj           44%        1d5       9%          1
 Necrotise                Necr           44%        1d6       9%          1
 Call Imp                 Summ           22%        N/A       13%         2
 Ensorcelled Hibernation  Hex/Ice        22%        N/A       13%         2
 Passwall                 Tmut/Erth      9%         N/A       13%         2
 Stone Arrow              Conj/Erth      22%        3d8       26%         3
 Swiftness                Air            11%        N/A       26%         3
 Vampiric Draining        Necr           11%        2d6       26%         3
 Animate Armour           Summ/Erth      22%        N/A       63%         4
 Agony                    Necr           11%        N/A       93%         5
 Borgnjor's Vile Clutch   Necr/Erth      5%         N/A       93%         5
 Death Channel            Necr           5%         N/A       100%        6
 Lehudib's Crystal Spear  Conj/Erth      5%         10d3      100%        8
 Animate Dead             Necr           Unusable   N/A       N/A         4

Dungeon Overview and Level Annotations

Branches:
Dungeon (8/15)             Temple (1/1) D:5
   Lair: D:8-11

Altars:
Ashenzari
Cheibriados
Dithmenos
Elyvilon
Fedhas
Gozag
Hepliaklqana
Kikubaaqudgha
Makhleb
Okawaru
Qazlal
Ru
Sif Muna
Trog
Uskayaw
Vehumet
Wu Jian
Xom
Yredelemnul
Zin
The Shining One

Shops:
D:4 (?


Innate Abilities, Weirdness & Mutations

You are something dangerously unstable.
You glow with magical radiation, making you easy to see and hit.
Foes you strike become dangerously contaminated with magical radiation.
You are incapable of wielding weapons or throwing items.
You have very sharp teeth.
Your uncanny sense of smell can sniff out nearby items.
Your experience applies equally to all skills.


Message History

You hit the ice beast but do no damage.
The ice beast begins to glow.
You hit the ice beast.
The ice beast glows dangerously bright.
You bite the ice beast, but do no damage.
The ice beast is lightly wounded.
The ice beast completely misses you.
You barely miss the ice beast.
The ice beast is lightly wounded.
The ice beast hits you. The ice beast freezes you.
You hit the ice beast.
The ice beast shudders as magic cascades through it.
The ice beast twists and deforms.
The ice beast is moderately wounded.
The ice beast misses you.
You hit the ice beast.
The ice beast begins to glow.
You bite the ice beast.
The ice beast is heavily wounded.
The centaur simulacrum is no longer distracted by gold.
The ice beast is distracted by your dazzling golden aura.
You hit the ice beast.
The ice beast glows dangerously bright.
The ice beast is no longer distracted by gold.
The ice beast is severely wounded.
The hornet simulacrum is distracted by your dazzling golden aura.
The ice beast hits you. The ice beast freezes you.
You punch the ice beast!
You kill the ice beast!
The centaur simulacrum is distracted by your dazzling golden aura.
A hornet simulacrum comes into view.
You see here 36 gold pieces.
You barely miss the hornet simulacrum.
The hornet simulacrum is no longer distracted by gold.
You bite the hornet simulacrum, but do no damage.
The centaur simulacrum is no longer distracted by gold.
The hornet simulacrum hits you. The hornet simulacrum freezes you!
You are too injured to fight recklessly!
You are too injured to fight recklessly!
The hornet simulacrum attacks as it pursues you!
The hornet simulacrum hits you!
* * * LOW HITPOINT WARNING * * *
The hornet simulacrum freezes you!
You die...
Your body crumbles into a pile of gold.

.## #...##..#..#..Z=.. #..#.#
## ###..###.#..##..... #..#.#
####......#.#...###Z$##..##.#
.##.........##.Z..####(..#..#
.#...........#..?.......##.##
.#...........##....(....#..#
.#.....>......##.......##.##
............#..###Z''###..#
##..........##.$pZ.......##
##.......)###############
##........## #..........#
#......)...# #..........#
#..........# #..........#
##........##


You could see 2 hornet simulacra and a centaur simulacrum.

Vanquished Creatures
  The ghost of Frostiness the Poker, a novice TrBe of Trog (D:7)
  An orc warrior (D:8)
  A black bear (D:5)
  6 ice beasts
  2 ogres (D:6)
  2 centaurs (D:7)
  A phantom (D:5)
  2 bullfrogs
  A scorpion (D:5)
  3 wights (D:6)
  A howler monkey (D:7)
  A crimson imp (D:6)
  5 jellies
  Crazy Yiuf (D:2)
  An orc priest (D:5)
  A gnoll bouda (D:6)
  A sleepcap (D:6)
  Ijyb (D:3)
  Terence (D:3)
  4 iguanas
  3 orc wizards
  4 gnolls
  5 adders
  A shadow imp (D:6)
  A howler monkey simulacrum (D:7)
  3 white imps
  An ufetubus (D:6)
  3 worms
  3 dart slugs
  22 orcs
  4 ball pythons
  5 endoplasms
  7 giant cockroaches
  11 goblins
  9 hobgoblins
  4 jackals (D:3)
  4 quokkas
  5 bats
  2 frilled lizards (D:1)
  6 kobolds
  2 rats (D:1)
  2 butterflies (D:4)
144 creatures vanquished.

Notes
Turn   | Place    | Note
-------+----------+-------------------------------------------
     0 | D:1      | NokRude the Gnoll Shapeshifter began the quest for the Orb.
     0 | D:1      | Reached XP level 1. HP: 17/17 MP: 1/1
    91 | D:1      | Reached XP level 2. HP: 23/23 MP: 2/2
   377 | D:1      | Reached XP level 3. HP: 23/28 MP: 3/3
   728 | D:2      | Reached skill level 1 in Invocations
  1017 | D:2      | Reached skill level 1 in Short Blades
  1017 | D:2      | Reached skill level 1 in Long Blades
  1017 | D:2      | Reached skill level 1 in Axes
  1017 | D:2      | Reached skill level 1 in Maces & Flails
  1017 | D:2      | Reached skill level 1 in Polearms
  1017 | D:2      | Reached skill level 1 in Staves
  1017 | D:2      | Reached skill level 1 in Ranged Weapons
  1017 | D:2      | Reached skill level 1 in Throwing
  1017 | D:2      | Reached skill level 1 in Armour
  1017 | D:2      | Reached skill level 1 in Stealth
  1017 | D:2      | Reached skill level 1 in Shields
  1017 | D:2      | Reached skill level 1 in Spellcasting
  1017 | D:2      | Reached skill level 1 in Evocations
  1068 | D:2      | Reached XP level 4. HP: 34/34 MP: 5/5
  1145 | D:2      | Found a faded altar of an unknown god.
  1235 | D:2      | Found a runed translucent door.
  1236 | D:2      | Noticed Crazy Yiuf
  1677 | D:2      | Killed Crazy Yiuf
  1678 | D:2      | Reached skill level 1 in Conjurations
  1678 | D:2      | Reached skill level 1 in Hexes
  1678 | D:2      | Reached skill level 1 in Summonings
  1678 | D:2      | Reached skill level 1 in Necromancy
  1678 | D:2      | Reached skill level 1 in Translocations
  1678 | D:2      | Reached skill level 1 in Transmutations
  1678 | D:2      | Reached skill level 1 in Fire Magic
  1678 | D:2      | Reached skill level 1 in Ice Magic
  1678 | D:2      | Reached skill level 1 in Air Magic
  1678 | D:2      | Reached skill level 1 in Earth Magic
  1678 | D:2      | Reached skill level 1 in Poison Magic
  1801 | D:3      | Noticed Terence
  1921 | D:3      | Killed Terence
  1922 | D:3      | Reached XP level 5. HP: 34/40 MP: 5/7
  1980 | D:3      | Noticed Ijyb
  1995 | D:3      | Killed Ijyb
  2452 | D:3      | Reached XP level 6. HP: 45/47 MP: 8/8
  2606 | D:4      | Found a stormy altar of Qazlal.
  2613 | D:4      | Found a blossoming altar of Fedhas.
  2692 | D:4      | Noticed an ice beast
  2699 | D:4      | Killed an ice beast
  2700 | D:4      | Reached skill level 5 in Dodging
  3019 | D:4      | Found Ivappu Asemm's Antique Weapon Boutique.
  3044 | D:4      | Found Peuqy's Magic Scroll Emporium.
  3103 | D:4      | Found a shimmering altar of Xom.
  3368 | D:5      | Entered Level 5 of the Dungeon
  3393 | D:5      | Reached XP level 7. HP: 46/52 MP: 10/10
  3397 | D:5      | Reached skill level 7 in Unarmed Combat
  3538 | D:5      | Learned a level 3 spell: Mephitic Cloud
  3611 | D:5      | Found a staircase to the Ecumenical Temple.
  3625 | Temple   | Entered the Ecumenical Temple
  3632 | Temple   | Became a worshipper of Gozag Ym Sagoz the Greedy
  3823 | D:6      | Found an iron altar of Okawaru.
  3856 | D:6      | Reached XP level 8. HP: 58/60 MP: 12/12
  4209 | D:6      | You fall into a shaft and drop 2 floors!
  4364 | D:7      | Reached XP level 9. HP: 66/66 MP: 14/14
  4423 | D:7      | Found a runed translucent gate.
  4423 | D:7      | Found a runed translucent gate.
  4423 | D:7      | Found a runed translucent gate.
  4458 | D:7      | Noticed Frostiness's ghost (novice TrBe)
  5328 | D:6      | Found a shadowy altar of Dithmenos.
  5360 | D:6      | Found a burning altar of Makhleb.
  5431 | D:7      | Reached skill level 5 in Fighting
  5464 | D:7      | Killed Frostiness's ghost
  5465 | D:7      | Reached skill level 8 in Unarmed Combat
  5465 | D:7      | Reached skill level 5 in Invocations
  5480 | D:7      | Slain by a hornet simulacrum

Illustrated notes

Levels and vault maps discovered:
D:1:      wheals_arrival_shading, layout_basic
D:2:      layout_basic, hellmonk_ecumenical_altar_slurped_away,
          chequers_serial_rivers_small_a, uniq_crazy_yiuf_cottage
D:3:      layout_rooms, uniq_ijyb, uniq_terence
D:4:      layout_loops_cross, grunt_temple_overflow_forces_of_nature,
          xom_butterflies, serial_shops, kennysheep_mini_moat,
          nicolae_shop_rolled_up, bh_walls_and_bars
D:5:      nicolae_BIG_FREAKIN_CUBE, layout_rooms,
          minmay_temple_entry_proselytizer
D:6:      layout_cave_pools, makhleb_grotto_becter,
          mainiacjoe_overflow_cross_hatched, grunt_dithmenos_shadows
D:7:      layout_rooms, gammafunk_ghost_icy, water_boxes_lemuel
D:8:      layout_loops_ring, amcnicky_altar_gilded
Temple:   minmay_freezing_vapour_temple

Skill      XL: |  1  2  3  4  5  6  7  8  9 |
---------------+----------------------------+-----
Invocations    | 1 2 3 4 5 |  5.0
Short Blades   | 1 2 3 4 |  4.5
Long Blades    | 1 2 3 4 |  4.5
Axes           | 1 2 3 4 |  4.5
Maces & Flails | 1 2 3 4 |  4.5
Polearms       | 1 2 3 4 |  4.5
Staves         | 1 2 3 4 |  4.5
Ranged Weapons | 1 2 3 4 |  4.5
Throwing       | 1 2 3 4 |  4.5
Armour         | 1 2 3 4 |  4.5
Stealth        | 1 2 3 4 |  4.5
Shields        | 1 2 3 4 |  4.5
Spellcasting   | 1 2 3 4 |  4.5
Evocations     | 1 2 3 4 |  4.5
Conjurations   | 1 2 3 |  3.8
Hexes          | 1 2 3 |  3.8
Summonings     | 1 2 3 |  3.8
Necromancy     | 1 2 3 |  3.8
Translocations | 1 2 3 |  3.8
Transmutations | 1 2 3 |  3.8
Fire Magic     | 1 2 3 |  3.8
Ice Magic      | 1 2 3 |  3.8
Air Magic      | 1 2 3 |  3.8
Earth Magic    | 1 2 3 |  3.8
Poison Magic   | 1 2 3 |  3.8
Fighting       | 3 4 5 |  5.3
Dodging        | 5 6 |  6.5
Unarmed Combat | 7 8 |  8.1
Shapeshifting  | 7 |  7.8

Action                     |  1- 3 |  4- 6 |  7- 9 || total
---------------------------+-------+-------+-------++-------
  Melee: Unarmed           |    71 |   121 |   227 ||   419
         Punch             |     2 |       |       ||     2
         Bite              |     3 |    11 |    30 ||    44
    Use: Potion            |       |       |     2 ||     2
   Stab: Sleeping          |     1 |     1 |       ||     2
 Armour: Animal skin       |    26 |    39 |       ||    65
         Ring mail         |       |    17 |   135 ||   152
  Dodge: Dodged            |    34 |    76 |   127 ||   237
   Form: Flux              |       |     1 |       ||     1

Table legend: (Time is in decaauts)
 A = Elapsed time spent in this place.
 B = Non-inter-level travel time spent in this place.
 C = Inter-level travel time spent in this place.
 D = Time resting spent in this place.
 E = Time spent auto-exploring this place.
 F = Levels seen in this place.
 G = Mean time per level.
                   A        B        C        D        E       F      G
               +--------+--------+--------+--------+--------+-----+--------+
         Total |   5430 |   5205 |    225 |      0 |   4164 |   9 |  603.3 |
       Dungeon |   5415 |   5190 |    225 |      0 |   4164 |   8 |  676.9 |
        Temple |     14 |     14 |      0 |      0 |      0 |   1 |   14.0 |
               +--------+--------+--------+--------+--------+-----+--------+

Top non-repeatable levels by time:
     D:2: 1186 daAuts
     D:7: 811 daAuts
     D:4: 769 daAuts
     D:1: 707 daAuts
     D:3: 684 daAuts
     D:6: 659 daAuts
     D:5: 452 daAuts
     D:8: 143 daAuts
  Temple: 14 daAuts
